Map: [ESL] Hard Lead

Players

SHIN - Winner!

  • Race: Zerg Zerg
  • Spawn Location: 11:00

Gerald

  • Race: Protoss Protoss
  • Spawn Location: 5:00

Event: ESL SC2 Masters 2023 Winter (Finals)

VOD

Have the link to the VOD?

Description

Time

  • Played on: Dec. 15, 2023, 10:04 a.m.
  • Length: 10:58

All games in this series

Show
View Real Time Build Order
Export as new Build Order

SHIN Zerg - Winner!

Build Orders: Hatch First 

Get SALT Encoding   

  12  0:00  Drone  
  13  0:11  Drone  
  14  0:17  Overlord  
  14  0:39  Drone  
  14  0:42  Drone  
  16  0:48  Hatchery  
  15  0:51  Drone  
  15  0:55  Drone  
  17  1:01  Drone  
  18  1:08  Extractor  
  17  1:14  Spawning Pool  
  16  1:19  Drone  
  16  1:23  Drone  
  18  1:33  Drone  
  19  1:44  Drone  
  20  1:55  Drone  
  20  2:00  Queen  
  20  2:01  Zergling x2  
  24  2:05  Zergling x2  
  24  2:06  Queen  
  27  2:09  Metabolic Boost  
  27  2:15  Overlord  
  27  2:18  Drone  
  28  2:35  Hatchery  
  28  2:36  Zergling x2  
  28  2:38  Drone  
  28  2:41  Drone  
  30  2:46  Drone  
  30  2:52  Queen  
  32  2:58  Zergling x2  
  32  3:00  Drone, Overlord  
  32  3:03  Zergling x2  
  35  3:08  Drone  
  36  3:17  Queen  
  36  3:19  Zergling x2  
  39  3:20  Drone x3  
  39  3:26  Drone  
  39  3:27  Drone  
  43  3:35  Drone  
  43  3:38  Spore Crawler, Overlord  
  42  3:41  Drone  
  42  3:42  Drone, Overlord  
  42  3:47  Drone x2  
  42  3:48  Drone  
  47  3:52  Spore Crawler  
  47  3:55  Drone  
  47  3:56  Drone  
  47  3:58  Drone  
  47  3:59  Drone  
  47  4:02  Drone  
  51  4:05  Drone  
  51  4:12  Drone x3  
  51  4:14  Spore Crawler  
  51  4:15  Drone x3  
  56  4:18  Evolution Chamber  
  56  4:22  Queen  
  57  4:29  Drone x4  
  61  4:34  Drone x3  
  61  4:35  Drone  
  62  4:41  Zergling x4  
  62  4:44  Zerg Melee Weapons Level 1, Drone x2  
  66  4:47  Overlord  
  66  4:53  Drone x2, Baneling Nest  
  66  4:54  Drone  
  66  4:57  Overlord  
  66  4:58  Extractor  
  65  5:00  Overlord  
  65  5:01  Drone  
  65  5:04  Overlord  
  65  5:06  Drone x2  
  68  5:08  Zergling x2  
  68  5:12  Zergling x8  
  73  5:17  Drone x2  
  75  5:21  Hatchery  
  75  5:24  Drone  
  75  5:25  Drone  
  75  5:28  Extractor  
  75  5:29  Extractor, Lair  
  75  5:32  Drone  
  75  5:33  Drone x3  
  75  5:35  Drone  
  79  5:39  Drone  
  79  5:40  Drone x4  
  79  5:42  Overlord  
  83  5:47  Zergling x6  
  83  5:49  Overlord  
  86  5:51  Zergling x4  
  88  5:59  Overlord  
  88  6:00  Queen  
  88  6:03  Overlord x2  
  90  6:09  Zergling x16  
  98  6:16  Overlord  
  98  6:19  Zergling x6  
  98  6:25  Drone x3, Extractor  
  102  6:30  Hydralisk Den  
  102  6:31  Overseer  
  100  6:35  Zergling x12  
  106  6:40  Zergling x8  
  106  6:46  Drone x4  
  113  6:51  Zerg Melee Weapons Level 2  
  113  6:53  Overlord  
  113  7:00  Hydralisk x6  
  123  7:01  Grooved Spines  
  123  7:05  Zergling x2, Hydralisk  
  123  7:06  Zergling x8  
  130  7:11  Hydralisk  
  130  7:12  Zergling x4  
  130  7:15  Hydralisk x4  
  142  7:19  Drone  
  142  7:20  Drone x2  
  142  7:21  Drone x2  
  142  7:22  Drone  
  136  7:26  Hydralisk  
  130  7:30  Hydralisk  
  130  7:32  Drone  
  130  7:33  Drone x4  
  130  7:35  Overlord  
  130  7:36  Overlord x2  
  131  7:47  Zergling x8  
  131  7:50  Zergling x4, Hatchery  
  136  7:54  Hydralisk  
  136  7:55  Zergling x10  
  142  7:59  Muscular Augments  
  142  8:02  Zergling x14  
  149  8:05  Overlord  
  149  8:06  Zergling x4  
  149  8:08  Centrifugal Hooks  
  150  8:13  Zergling x6  
  150  8:16  Hydralisk  
  150  8:19  Spore Crawler  
  153  8:22  Hydralisk  
  153  8:23  Zergling x12  
  153  8:24  Hydralisk  
  161  8:27  Overlord  
  161  8:32  Zergling x2, Hydralisk  
  161  8:33  Zergling x8  
  167  8:37  Zergling x2  
  167  8:42  Zergling x2  
  167  8:43  Zergling x4  
  167  8:46  Hydralisk  
  167  8:47  Zergling x6  
  166  8:50  Zergling x10  
  166  8:53  Zergling x2  
  166  8:55  Baneling x8  
  171  8:57  Zergling x4  
  171  8:58  Overlord  
  171  8:59  Zergling x6  
  171  9:01  Baneling  
  171  9:02  Baneling x23  
  175  9:06  Zergling x10  
  180  9:16  Zergling x4  
  180  9:17  Zergling x10  
  180  9:22  Zergling x12  
  175  9:27  Zergling x6  
  175  9:29  Zergling x8  
  177  9:38  Zergling x10  
  170  9:43  Zergling x2, Infestation Pit, Hydralisk  
  168  9:46  Hydralisk  
  168  9:47  Zergling x8  
  168  9:48  Zergling x2  
  168  9:55  Zergling x2  
  168  9:56  Zergling x12  
  168  9:59  Drone x7  
  174  10:02  Lurker Den  
  167  10:08  Zergling x2, Spore Crawler  
  167  10:09  Zergling x6, Spine Crawler  
  167  10:10  Baneling x4  
  167  10:11  Baneling  
  167  10:13  Zergling x8  
  173  10:18  Zergling x6  
  173  10:20  Baneling x23  
  176  10:25  Zergling x14, Extractor x2  
  171  10:36  Zergling x16  
Show
View Real Time Build Order
Export as new Build Order

Gerald Protoss 

Build Orders: 1 Gate Expand, Oracle Opening 

Get SALT Encoding   

  12  0:00  Probe  
  13  0:12  Probe  
  14  0:22  Pylon  
  14  0:24  Probe  
  15  0:40  Probe (Chrono Boost)  
  16  0:43  Gateway  
  17  0:50  Probe (Chrono Boost)  
  17  0:51  Assimilator  
  17  0:55  Probe (Chrono Boost)  
  18  1:06  Probe  
  19  1:18  Probe  
  20  1:27  Nexus  
  20  1:30  Probe  
  21  1:38  Cybernetics Core  
  21  1:43  Probe  
  22  1:47  Assimilator  
  22  1:53  Pylon  
  22  1:56  Probe  
  23  2:11  Probe  
  23  2:12  Adept (Chrono Boost)  
  26  2:23  Stargate, Probe  
  27  2:32  Adept (Chrono Boost)  
  29  2:40  Warp Gate  
  29  2:41  Probe  
  29  2:42  Probe  
  31  2:53  Probe  
  31  2:54  Adept, Probe  
  35  3:05  Probe, Pylon  
  35  3:07  Oracle (Chrono Boost)  
  35  3:10  Probe  
  40  3:16  Gateway  
  40  3:17  Probe  
  41  3:22  Probe  
  42  3:30  Probe  
  43  3:34  Probe  
  43  3:37  Oracle (Chrono Boost)  
  43  3:42  Probe  
  43  3:43  Adept  
  43  3:47  Probe  
  47  3:54  Probe  
  48  3:59  Nexus, Probe  
  48  4:01  Pylon  
  49  4:07  Probe  
  50  4:15  Gateway x2  
  50  4:19  Shield Battery, Pylon  
  50  4:22  Probe  
  51  4:26  Assimilator, Probe  
  51  4:29  Adept  
  54  4:38  Adept  
  54  4:39  Probe x2  
  54  4:41  Twilight Council  
  58  4:51  Probe  
  59  4:56  Stalker  
  59  4:57  Probe  
  62  5:03  Probe  
  62  5:04  Stalker  
  65  5:09  Probe  
  65  5:11  Stalker, Pylon  
  65  5:12  Stalker  
  70  5:15  Probe (Chrono Boost)  
  70  5:17  Probe (Chrono Boost)  
  70  5:20  Pylon  
  72  5:22  Blink (Chrono Boost), Pylon  
  72  5:25  Probe (Chrono Boost)  
  72  5:27  Probe (Chrono Boost), Stalker  
  77  5:30  Probe (Chrono Boost)  
  77  5:34  Probe (Chrono Boost)  
  77  5:35  Forge  
  79  5:36  Probe (Chrono Boost)  
  79  5:38  Probe (Chrono Boost)  
  79  5:41  Probe (Chrono Boost)  
  82  5:42  Stalker  
  82  5:43  Probe (Chrono Boost)  
  82  5:45  Stalker  
  82  5:49  Probe  
  86  5:52  Stalker x2, Probe  
  92  5:59  Probe  
  92  6:01  Probe  
  94  6:05  Probe  
  94  6:07  Protoss Ground Weapons Level 1 (Chrono Boost)  
  96  6:11  Probe  
  96  6:14  Probe  
  96  6:16  Gateway  
  96  6:17  Gateway  
  97  6:19  Gateway  
  97  6:23  Probe  
  97  6:24  Stalker x4  
  106  6:25  Gateway  
  106  6:31  Pylon  
  106  6:34  Probe  
  106  6:36  Nexus  
  107  6:40  Pylon  
  107  6:41  Assimilator  
  107  6:43  Probe  
  107  6:45  Probe  
  109  6:50  Pylon  
  109  6:52  Pylon  
  109  6:55  Stalker x4  
  109  6:58  Probe x2  
  119  7:02  Probe  
  119  7:03  Shield Battery  
  119  7:04  Pylon  
  120  7:10  Probe  
  120  7:12  Probe  
  120  7:13  Zealot x2  
  120  7:15  Probe  
  125  7:22  Zealot  
  124  7:24  Probe  
  124  7:29  Zealot x2  
  114  7:31  Probe  
  114  7:33  Charge (Chrono Boost)  
  114  7:35  Probe  
  114  7:36  Probe  
  115  7:43  Probe  
  116  7:47  Stalker x2  
  120  7:52  Protoss Ground Weapons Level 2, Probe  
  121  8:01  Zealot x6  
  131  8:06  Probe  
  131  8:07  Probe  
  131  8:09  Gateway, Probe  
  134  8:21  Stalker x6  
  146  8:29  Probe  
  146  8:31  Pylon  
  146  8:32  Stalker  
  141  8:37  Zealot  
  143  8:48  Nexus  
  143  8:52  Zealot x2, Pylon  
  143  8:55  Photon Cannon  
  147  8:56  Shield Battery  
  147  9:02  Zealot  
  147  9:03  Zealot x4  
  147  9:19  Zealot  
  147  9:20  Zealot x3  
  147  9:24  Probe  
  147  9:26  Probe  
  147  9:28  Probe  
  147  9:30  Templar Archives  
  138  9:32  Pylon  
  138  9:37  Stalker x5  
  127  9:38  Probe  
  121  9:46  Stalker x4  
  104  10:04  Stalker x3  
  104  10:05  Stalker x2  
  109  10:08  Oracle (Chrono Boost)  
  109  10:09  Probe x2  
  115  10:14  Assimilator, Probe x2  
  115  10:17  Assimilator  
  115  10:19  Zealot x4  
  124  10:28  Zealot x2  
  124  10:29  Zealot x2  
  124  10:34  Stalker  
  124  10:40  Stalker x4  
  112  10:53  Zealot x2  
Tags
 
Add a new tag
Caveats
  • Supply blocks, unpowered buildings, or Contaminate may cause inaccurate times.
  • Supply counts are checked every 10 seconds.